 Dungeon Crawl Stone Soup version 0.30-b1-5-g8e6c1be481 (webtiles) character file.

Game seed: 13960073866866521710

14 KittyFluff the Trooper (level 2, -2/19 HPs)
             Began as a Gargoyle Berserker on May 3, 2023.
             Was a Follower of Trog.
             Slain by a gnoll
             ... wielding a +0 flail
              (7 damage)
             ... on level 1 of the Dungeon.
             The game lasted 00:01:31 (332 turns).

KittyFluff the Trooper (Gargoyle Berserker)          Turns: 332, Time: 00:01:31

Health: -2/19      AC:  5    Str: 20    XL:     2   Next: 41%
Magic:  2/2        EV: 11    Int:  7    God:    Trog [*.....]
Gold:   0          SH:  0    Dex:  9    Spells: 1/1 levels left

rFire   . . .        a - +0 mace
rCold   . . .        (no shield)
rNeg    + . .        b - +0 animal skin
rPois   ∞            (no helmet)
rElec   +            (no cloak)
rCorr   .            (no gloves)
SInv    .            (no boots)
Will    .....        (no amulet)
Stlth   +            (no ring)
HPRegen 0.23/turn    (no ring)
MPRegen 0.08/turn

%: no passive effects
@: no status effects
A: sickness immunity, AC +2, negative energy resistance 1, electricity
resistance, torment resistance 1, petrification resistance
a: Renounce Religion, Berserk


You were on level 1 of the Dungeon.
You worshipped Trog.
Trog was aware of your devotion.
You visited 1 branch of the dungeon, and saw 1 of its levels.

Inventory:

Hand Weapons
 a - a +0 mace (weapon)
Armour
 b - a +0 animal skin (worn)
Jewellery
 f - a +6 ring of intelligence
Scrolls
 c - a scroll of immolation {unknown}
 d - a scroll of vulnerability {unknown}
Potions
 e - 2 potions of degeneration {unknown}


   Skills:
 + Level 3.5 Fighting
 + Level 3.4 Maces & Flails
 * Level 2.3 Armour
 + Level 1.6 Dodging


You had one spell level left.
You didn't know any spells.
Your spell library was empty.

Dungeon Overview and Level Annotations

Branches:
Dungeon (1/15)

Altars:


Innate Abilities, Weirdness & Mutations

You are immune to sickness and miasma.
Your stone body is resilient. (AC +2)
You are immune to poison.
You resist negative energy. (rN+)
You are resistant to electric shocks. (rElec)
You are resistant to unholy torment.
You are immune to petrification.


Message History

* * * LOW HITPOINT WARNING * * *
You hit the rat.
You kill the rat!
Trog accepts your kill. The rat bites you but does no damage.
You hit the rat.
You kill the rat!
Trog accepts your kill.
You start resting.
A hobgoblin comes into view.
You start resting.
A hobgoblin is nearby!
The hobgoblin shouts!
You hit the hobgoblin but do no damage. The hobgoblin hits you.
You barely miss the hobgoblin.
The hobgoblin hits you but does no damage. x2
You sock the hobgoblin!
You kill the hobgoblin!
Trog accepts your kill.
You see here a hobgoblin corpse.
You start resting.
HP restored.
Things that are here:
a +0 dagger; a rat corpse; a hobgoblin corpse
Things that are here:
a rat corpse; a hobgoblin corpse A frilled lizard and a gnoll come into view.
The frilled lizard hisses angrily.
The gnoll shouts!
You hit the frilled lizard.
You kill the frilled lizard!
Trog accepts your kill. The gnoll hits you with a +0 flail!
Ouch! That really hurt!
You see here a frilled lizard corpse.
You completely miss the gnoll. The gnoll hits you with a +0 flail.
* * * LOW HITPOINT WARNING * * *
You sock the gnoll!
The gnoll is heavily wounded.
The gnoll hits you with a +0 flail!
You die...

####### #.....###
#.##....#########
#.##.......†.....
#.####.##.......)#....
#...g@.###.......#†...
#########........#....
...##.....#.... #...
##...###### ....#
#...# ..## #...# #.##


You could see a gnoll.

Vanquished Creatures
  A giant cockroach (D:1)
  2 goblins (D:1)
  3 hobgoblins (D:1)
  A quokka (D:1)
  A ball python (D:1)
  A bat (D:1)
  A frilled lizard (D:1)
  3 rats (D:1)
13 creatures vanquished.

Notes
Turn   | Place    | Note
-------+----------+-------------------------------------------
     0 | D:1      | KittyFluff the Gargoyle Berserker began the quest for the
                  | Orb.
     0 | D:1      | Reached XP level 1. HP: 14/14 MP: 1/1
   231 | D:1      | Reached XP level 2. HP: 17/19 MP: 2/2
   332 | D:1      | Slain by a gnoll

Illustrated notes

Levels and vault maps discovered:
D:1:      nzn_arrival_settlement, layout_basic

Action                     || total
---------------------------++-------
  Melee: Mace              ||    33
 Armour: Animal skin       ||    18
  Dodge: Dodged            ||    15
